[ AOE2 MATCH · #477971007 ]
UnrankedPoles vs Bohemians
[ REPLAY ANALYSIS · EXTRACTED FROM THE RECORDED GAME ]
Feudal
11:02
Castle
15:47
Imperial
29:54
| APM avg | 25.0 |
| APM peak | 73 |
| eAPM avg | 18.5 |
| Villagers / military | 143 / 940 |
Focus
⚔️ 30.2% · 🌾 69.8%
Scout Cavalry ×546 · Knight ×394
Feudal
12:26
Castle
23:44
Imperial
31:55
| APM avg | 25.9 |
| APM peak | 84 |
| eAPM avg | 13.4 |
| Villagers / military | 154 / 185 |
Focus
⚔️ 25.0% · 🌾 75.0%
Bombard Cannon ×106 · Hussite Wagon ×77 · Trade Cart ×19 · Scout Cavalry ×2
Feudal
11:22
Castle
16:52
Imperial
33:10
| APM avg | 22.0 |
| APM peak | 49 |
| eAPM avg | 13.7 |
| Villagers / military | 177 / 157 |
Focus
⚔️ 32.4% · 🌾 67.6%
Elephant Archer ×73 · Ratha (Ranged) ×56 · Trade Cart ×37 · Mangonel ×19 · Armored Elephant ×7 · Trebuchet (Packed) ×2
Feudal
13:29
Castle
19:41
Imperial
33:38
| APM avg | 15.3 |
| APM peak | 42 |
| eAPM avg | 10.9 |
| Villagers / military | 112 / 417 |
Focus
⚔️ 35.4% · 🌾 64.6%
Scorpion ×359 · Battering Ram ×57 · Trade Cart ×40 · Mangonel ×1
Feudal
12:21
Castle
15:59
Imperial
33:01
| APM avg | 27.7 |
| APM peak | 105 |
| eAPM avg | 17.6 |
| Villagers / military | 141 / 478 |
Focus
⚔️ 44.7% · 🌾 55.3%
Scout Cavalry ×275 · Scorpion ×161 · Battle Elephant ×42
Feudal
12:15
Castle
21:06
Imperial
30:43
| APM avg | 16.2 |
| APM peak | 44 |
| eAPM avg | 11.7 |
| Villagers / military | 113 / 623 |
Focus
⚔️ 40.5% · 🌾 59.5%
Spearman ×318 · Berserk ×294 · Trade Cart ×22 · Trebuchet (Packed) ×11
Feudal
10:11
Castle
20:40
Imperial
42:18
| APM avg | 15.5 |
| APM peak | 53 |
| eAPM avg | 9.6 |
| Villagers / military | 70 / 121 |
Focus
⚔️ 30.0% · 🌾 70.0%
Ballista Elephant ×121 · Trade Cart ×32
Feudal
12:32
Castle
16:35
Imperial
33:54
| APM avg | 26.6 |
| APM peak | 63 |
| eAPM avg | 13.5 |
| Villagers / military | 159 / 516 |
Focus
⚔️ 31.5% · 🌾 68.5%
Spearman ×210 · Composite Bowman ×85 · Scorpion ×83 · Militia ×65 · Monk ×43 · Trade Cart ×40
Match map
Initial resources + every placement click. Lines = walls · curves = elevation contours. ◆ gold · ⬟ stone · ● berries · ✦ relic · ◌ wall gap
Your base· Open — opponent sealed themselves in
773251600's base· ✓ Closed at 23:44 · 58t walls · 3 gate(s)
McQuin007's base· ✓ Closed at 16:52 · 0t walls · no gate
M.Zahd's base· ✓ Closed at 19:41 · 0t walls · no gate
Adrizona's base· Open — opponent sealed themselves in
laodachen's base· ✓ Closed at 21:06 · 0t walls · no gate
571614803's base· ✓ Closed at 20:40 · 0t walls · no gate
懒回顾's base· Open — opponent sealed themselves in
Smoothed initial terrain · ◌ = detected wall gap · hover for details
Inputs per minute
— zy - - 773251600
Build order — zy
First 150 of 556 actions detected
| 0:05 | Build | House |
| 0:06 | Build | House |
| 0:08 | Create | Villager (Male) |
| 0:08 | Create | Villager (Male) |
| 0:08 | Create | Villager (Male) |
| 0:08 | Create | Villager (Male) |
| 0:09 | Create | Villager (Male) |
| 1:32 | Create | Villager (Male) |
| 1:33 | Create | Villager (Male) |
| 2:24 | Create | Villager (Male) |
| 2:25 | Create | Villager (Male) |
| 2:38 | Create | Villager (Male) |
| 2:39 | Create | Villager (Male) |
| 2:46 | Create | Villager (Male) |
| 3:14 | Create | Villager (Male) |
| 3:14 | Create | Villager (Male) |
| 3:26 | Build | Lumber Camp |
| 3:53 | Create | Villager (Male) |
| 4:14 | Create | Villager (Male) |
| 4:30 | Build | House |
| 4:53 | Create | Villager (Male) |
| 5:29 | Create | Villager (Male) |
| 5:41 | Create | Villager (Male) |
| 6:00 | Create | Villager (Male) |
| 6:14 | Create | Villager (Male) |
| 7:09 | Build | Mill |
| 7:12 | Research | Loom |
| 7:15 | Create | Villager (Male) |
| 7:16 | Create | Villager (Male) |
| 7:25 | Create | Villager (Male) |
| 8:27 | Research | Feudal Age |
| 8:34 | Build | Mining Camp |
| 9:40 | Build | House |
| 10:30 | Create | Villager (Male) |
| 10:50 | Create | Villager (Male) |
| 10:59 | Create | Villager (Male) |
| 11:02 | Age | Feudal Age |
| 11:12 | Build | Market |
| 11:17 | Create | Villager (Male) |
| 12:06 | Build | Blacksmith |
| 12:13 | Build | House |
| 12:28 | Create | Villager (Male) |
| 12:57 | Research | Castle Age |
| 12:57 | Research | Castle Age |
| 13:15 | Build | Lumber Camp |
| 14:04 | Build | Farm |
| 14:04 | Build | Farm |
| 14:04 | Build | Farm |
| 14:04 | Build | Farm |
| 14:05 | Build | Farm |
| 14:05 | Build | Farm |
| 14:05 | Build | Farm |
| 14:06 | Build | Farm |
| 14:06 | Build | Farm |
| 14:06 | Build | Farm |
| 14:06 | Build | Farm |
| 14:07 | Build | Farm |
| 14:07 | Build | Farm |
| 14:07 | Build | Farm |
| 14:07 | Build | Farm |
| 14:08 | Build | Farm |
| 14:30 | Build | Farm |
| 14:40 | Create | Villager (Male) |
| 14:40 | Create | Villager (Male) |
| 15:35 | Build | Farm |
| 15:35 | Build | Farm |
| 15:35 | Build | Farm |
| 15:37 | Build | Farm |
| 15:47 | Build | Lumber Camp |
| 15:47 | Age | Castle Age |
| 16:23 | Create | Villager (Male) |
| 16:47 | Create | Villager (Male) |
| 16:53 | Build | Town Center |
| 17:19 | Create | Villager (Male) |
| 17:48 | Create | Villager (Male) |
| 17:49 | Create | Villager (Male) |
| 18:01 | Build | Mill |
| 18:03 | Build | Farm |
| 18:03 | Build | Farm |
| 18:03 | Build | Farm |
| 18:03 | Build | Farm |
| 18:04 | Build | Farm |
| 18:04 | Build | Farm |
| 18:04 | Build | Farm |
| 18:12 | Create | Villager (Male) |
| 18:12 | Create | Villager (Male) |
| 18:29 | Create | Villager (Male) |
| 18:39 | Build | Farm |
| 18:39 | Build | Farm |
| 18:52 | Create | Villager (Male) |
| 18:52 | Create | Villager (Male) |
| 18:52 | Create | Villager (Male) |
| 18:53 | Create | Villager (Male) |
| 18:53 | Create | Villager (Male) |
| 19:06 | Build | Town Center |
| 20:10 | Create | Villager (Male) |
| 20:11 | Create | Villager (Male) |
| 20:18 | Create | Villager (Male) |
| 20:28 | Create | Villager (Male) |
| 20:28 | Create | Villager (Male) |
| 20:29 | Create | Villager (Male) |
| 20:41 | Create | Villager (Male) |
| 21:09 | Create | Villager (Male) |
| 21:13 | Create | Villager (Male) ×5 |
| 21:13 | Create | Villager (Male) ×5 |
| 21:14 | Create | Villager (Male) ×5 |
| 21:14 | Create | Villager (Male) ×2 |
| 21:29 | Build | House |
| 21:46 | Build | Mill |
| 21:48 | Build | Farm |
| 21:48 | Build | Farm |
| 21:48 | Build | Farm |
| 21:49 | Build | Farm |
| 21:49 | Build | Farm |
| 21:50 | Build | Farm |
| 21:51 | Build | Farm |
| 21:51 | Build | Farm |
| 21:52 | Build | Farm |
| 22:07 | Build | Mill |
| 22:11 | Create | Villager (Male) |
| 22:17 | Build | House |
| 22:20 | Build | House |
| 22:21 | Build | House |
| 22:31 | Build | Farm |
| 22:31 | Build | Farm |
| 22:31 | Build | Farm |
| 22:32 | Build | Farm |
| 22:32 | Build | Farm |
| 22:32 | Build | Farm |
| 22:38 | Create | Villager (Male) |
| 22:39 | Create | Villager (Male) |
| 22:39 | Create | Villager (Male) |
| 23:03 | Create | Villager (Male) ×5 |
| 23:29 | Build | Farm |
| 23:29 | Build | Farm |
| 23:29 | Build | Farm |
| 23:30 | Build | Farm |
| 23:45 | Build | Mill |
| 23:48 | Build | Farm |
| 23:48 | Build | Farm |
| 23:48 | Build | Farm |
| 23:48 | Build | Farm |
| 23:49 | Build | Farm |
| 23:49 | Build | Farm |
| 23:49 | Build | Farm |
| 23:55 | Create | Villager (Male) ×5 |
| 23:55 | Create | Villager (Male) ×5 |
| 24:20 | Research | Double-Bit Axe |
| 24:57 | Build | Town Center |
| 25:15 | Build | Monastery |
Build order — 773251600
First 150 of 404 actions detected
| 0:04 | Build | House |
| 0:06 | Build | House |
| 0:07 | Create | Villager (Male) |
| 0:07 | Create | Villager (Male) |
| 0:07 | Create | Villager (Male) |
| 0:08 | Create | Villager (Male) |
| 0:08 | Create | Villager (Male) |
| 1:30 | Create | Villager (Male) |
| 2:14 | Create | Villager (Male) |
| 2:17 | Research | Loom |
| 2:23 | Create | Villager (Male) |
| 2:55 | Create | Villager (Male) |
| 2:55 | Create | Villager (Male) |
| 3:09 | Build | House |
| 3:09 | Build | House |
| 3:45 | Create | Villager (Male) |
| 3:45 | Create | Villager (Male) |
| 3:58 | Create | Villager (Male) |
| 4:14 | Build | Mill |
| 4:51 | Create | Villager (Male) |
| 4:51 | Create | Villager (Male) |
| 4:52 | Create | Villager (Male) |
| 5:45 | Create | Villager (Male) |
| 5:45 | Create | Villager (Male) |
| 5:45 | Create | Villager (Male) |
| 6:02 | Build | Lumber Camp |
| 6:03 | Create | Villager (Male) |
| 6:03 | Create | Villager (Male) |
| 6:28 | Build | Palisade Wall |
| 6:48 | Create | Villager (Male) |
| 6:50 | Create | Villager (Male) |
| 7:33 | Build | Palisade Gate |
| 7:41 | Build | Palisade Wall |
| 8:10 | Create | Villager (Male) |
| 8:10 | Create | Villager (Male) |
| 8:10 | Create | Villager (Male) |
| 8:11 | Create | Villager (Male) |
| 8:28 | Create | Villager (Male) |
| 8:28 | Create | Villager (Male) |
| 8:29 | Create | Villager (Male) |
| 8:29 | Create | Villager (Male) |
| 8:57 | Create | Villager (Male) |
| 8:57 | Create | Villager (Male) |
| 9:08 | Build | House |
| 9:22 | Create | Villager (Male) |
| 9:43 | Build | Palisade Wall |
| 9:51 | Create | Villager (Male) |
| 9:51 | Create | Villager (Male) |
| 9:52 | Create | Villager (Male) |
| 10:06 | Research | Feudal Age |
| 10:34 | Create | Villager (Male) |
| 10:44 | Build | House |
| 10:45 | Build | House |
| 10:46 | Build | House |
| 10:47 | Build | House |
| 10:50 | Build | House |
| 11:00 | Build | Mining Camp |
| 11:07 | Build | Mining Camp |
| 11:29 | Build | Palisade Gate |
| 11:38 | Create | Villager (Male) |
| 11:39 | Create | Villager (Male) |
| 12:07 | Build | Lumber Camp |
| 12:23 | Build | Barracks |
| 12:26 | Age | Feudal Age |
| 12:28 | Create | Villager (Male) |
| 12:29 | Create | Villager (Male) |
| 12:29 | Create | Villager (Male) |
| 13:00 | Build | Stone Wall |
| 13:12 | Build | Gate |
| 13:30 | Build | Stable |
| 13:50 | Build | Market |
| 14:02 | Research | Double-Bit Axe |
| 14:17 | Build | Farm |
| 14:23 | Build | Farm |
| 14:46 | Create | Scout Cavalry |
| 14:46 | Create | Scout Cavalry |
| 15:03 | Build | Farm |
| 15:05 | Build | Farm |
| 15:14 | Build | Blacksmith |
| 15:22 | Build | Farm |
| 15:23 | Build | Farm |
| 15:25 | Build | Farm |
| 16:03 | Create | Villager (Male) |
| 16:16 | Build | Farm |
| 16:18 | Build | Farm |
| 16:20 | Build | Farm |
| 16:37 | Create | Villager (Male) |
| 16:52 | Build | Farm |
| 16:53 | Build | Farm |
| 16:54 | Build | Farm |
| 16:55 | Build | Farm |
| 16:56 | Build | Farm |
| 17:10 | Create | Villager (Male) |
| 17:10 | Create | Villager (Male) |
| 17:40 | Create | Villager (Male) |
| 17:40 | Create | Villager (Male) |
| 17:52 | Build | Farm |
| 17:53 | Build | Farm |
| 17:54 | Build | Farm |
| 17:59 | Create | Villager (Male) |
| 18:07 | Create | Villager (Male) |
| 18:27 | Create | Villager (Male) |
| 18:27 | Create | Villager (Male) |
| 18:27 | Create | Villager (Male) |
| 18:52 | Create | Villager (Male) |
| 18:53 | Create | Villager (Male) |
| 18:53 | Create | Villager (Male) |
| 19:02 | Create | Trade Cart |
| 19:05 | Create | Trade Cart |
| 19:11 | Create | Villager (Male) |
| 19:12 | Create | Villager (Male) |
| 19:31 | Build | Farm |
| 19:40 | Create | Villager (Male) |
| 20:03 | Create | Trade Cart |
| 20:19 | Create | Villager (Male) |
| 20:19 | Create | Villager (Male) |
| 20:25 | Create | Trade Cart |
| 20:45 | Create | Trade Cart |
| 20:45 | Create | Trade Cart |
| 20:50 | Create | Villager (Male) |
| 21:03 | Research | Castle Age |
| 21:07 | Create | Villager (Male) |
| 21:47 | Create | Villager (Male) |
| 21:48 | Create | Villager (Male) |
| 21:48 | Create | Villager (Male) |
| 21:59 | Create | Villager (Male) |
| 21:59 | Create | Villager (Male) |
| 22:07 | Create | Trade Cart |
| 22:07 | Create | Trade Cart |
| 22:46 | Build | House |
| 22:46 | Build | House |
| 22:47 | Build | House |
| 22:48 | Build | House |
| 22:49 | Build | House |
| 22:50 | Build | House |
| 22:51 | Build | House |
| 23:00 | Create | Trade Cart |
| 23:12 | Create | Villager (Male) |
| 23:44 | Age | Castle Age |
| 23:58 | Build | University |
| 24:13 | Create | Villager (Male) |
| 24:13 | Create | Villager (Male) |
| 24:14 | Create | Villager (Male) |
| 24:14 | Create | Villager (Male) |
| 24:14 | Create | Villager (Male) |
| 24:47 | Build | Farm |
| 25:11 | Build | Castle |
| 25:22 | Build | Farm |
| 25:23 | Create | Villager (Male) |
| 25:23 | Create | Villager (Male) |
Build order — McQuin007
First 150 of 444 actions detected
| 0:00 | Create | Villager (Male) |
| 0:01 | Create | Villager (Male) |
| 0:01 | Create | Villager (Male) |
| 0:02 | Build | House |
| 0:04 | Build | House |
| 0:17 | Create | Villager (Male) |
| 1:40 | Create | Villager (Male) |
| 1:40 | Create | Villager (Male) |
| 2:12 | Create | Villager (Male) |
| 2:12 | Create | Villager (Male) |
| 2:13 | Create | Villager (Male) |
| 2:20 | Build | Lumber Camp |
| 2:58 | Create | Villager (Male) |
| 2:58 | Create | Villager (Male) |
| 2:58 | Create | Villager (Male) |
| 3:39 | Create | Villager (Male) |
| 3:39 | Create | Villager (Male) |
| 3:53 | Create | Villager (Male) |
| 3:53 | Create | Villager (Male) |
| 4:05 | Create | Villager (Male) |
| 4:13 | Build | House |
| 4:25 | Create | Villager (Male) |
| 4:51 | Build | House |
| 5:54 | Create | Villager (Male) |
| 5:54 | Create | Villager (Male) |
| 5:55 | Create | Villager (Male) |
| 5:55 | Create | Villager (Male) |
| 7:37 | Create | Villager (Male) |
| 8:11 | Build | Mill |
| 8:19 | Create | Villager (Male) |
| 8:29 | Create | Villager (Male) |
| 9:12 | Research | Feudal Age |
| 9:26 | Build | Mining Camp |
| 11:19 | Create | Villager (Male) |
| 11:19 | Create | Villager (Male) |
| 11:20 | Create | Villager (Male) |
| 11:22 | Create | Villager (Male) |
| 11:22 | Age | Feudal Age |
| 11:25 | Research | Loom |
| 11:32 | Create | Villager (Male) |
| 11:43 | Build | House |
| 12:05 | Build | Barracks |
| 12:12 | Build | Blacksmith |
| 12:40 | Create | Villager (Male) |
| 12:41 | Create | Villager (Male) |
| 13:00 | Build | Archery Range |
| 13:38 | Build | Mining Camp |
| 13:44 | Create | Villager (Male) |
| 14:06 | Research | Wheelbarrow |
| 14:12 | Research | Castle Age |
| 14:35 | Research | Horse Collar |
| 15:10 | Research | Double-Bit Axe |
| 15:14 | Build | House |
| 15:17 | Build | House |
| 15:22 | Build | House |
| 15:23 | Build | House |
| 15:32 | Build | House |
| 15:38 | Build | Farm |
| 15:54 | Build | Farm |
| 15:57 | Build | Farm |
| 16:19 | Research | Fletching |
| 16:31 | Build | Farm |
| 16:52 | Age | Castle Age |
| 16:57 | Create | Villager (Male) |
| 16:59 | Create | Villager (Male) |
| 17:12 | Create | Elephant Archer |
| 17:33 | Build | Farm |
| 17:34 | Build | Farm |
| 17:36 | Build | Farm |
| 17:37 | Build | Farm |
| 17:43 | Build | Farm |
| 17:49 | Build | Farm |
| 17:55 | Create | Villager (Male) |
| 17:57 | Create | Villager (Male) |
| 18:41 | Create | Elephant Archer |
| 19:01 | Build | Castle |
| 19:09 | Create | Villager (Male) |
| 19:10 | Create | Villager (Male) |
| 19:11 | Create | Villager (Male) |
| 19:44 | Build | Siege Workshop |
| 19:57 | Build | Lumber Camp |
| 20:05 | Research | Bow Saw |
| 20:22 | Create | Villager (Male) |
| 20:37 | Create | Elephant Archer |
| 20:50 | Create | Villager (Male) |
| 20:51 | Create | Villager (Male) |
| 20:56 | Create | Ratha (Ranged) |
| 20:56 | Create | Ratha (Ranged) |
| 20:57 | Create | Ratha (Ranged) |
| 20:57 | Create | Ratha (Ranged) |
| 20:57 | Create | Ratha (Ranged) |
| 20:57 | Create | Ratha (Ranged) |
| 20:58 | Create | Ratha (Ranged) |
| 21:23 | Research | Heavy Plow |
| 21:45 | Build | House |
| 21:48 | Build | House |
| 21:49 | Build | House |
| 21:50 | Build | House |
| 21:51 | Build | House |
| 21:59 | Create | Villager (Male) |
| 21:59 | Create | Villager (Male) |
| 22:05 | Research | Padded Archer Armor |
| 22:11 | Create | Villager (Male) |
| 22:12 | Create | Villager (Male) |
| 22:18 | Build | Farm |
| 22:18 | Build | Farm |
| 22:19 | Build | Farm |
| 22:23 | Create | Ratha (Ranged) |
| 22:24 | Create | Ratha (Ranged) |
| 22:46 | Create | Armored Elephant |
| 22:46 | Create | Armored Elephant |
| 23:15 | Create | Villager (Male) |
| 23:18 | Create | Villager (Male) |
| 23:18 | Create | Villager (Male) |
| 23:28 | Build | Farm |
| 23:29 | Build | Farm |
| 23:30 | Build | Farm |
| 23:31 | Build | Farm |
| 23:43 | Create | Villager (Male) |
| 23:44 | Create | Villager (Male) |
| 23:44 | Create | Villager (Male) |
| 23:58 | Build | Mill |
| 24:00 | Build | Farm |
| 24:01 | Build | Farm |
| 24:02 | Build | Farm |
| 24:05 | Create | Villager (Male) |
| 24:05 | Create | Villager (Male) |
| 24:12 | Research | Paiks |
| 24:13 | Create | Ratha (Ranged) |
| 24:29 | Create | Armored Elephant |
| 24:54 | Create | Villager (Male) |
| 24:54 | Create | Villager (Male) |
| 25:14 | Create | Ratha (Ranged) ×5 |
| 25:24 | Build | Mining Camp |
| 26:13 | Research | Wheelbarrow |
| 26:14 | Create | Villager (Male) |
| 26:15 | Create | Villager (Male) |
| 26:15 | Create | Villager (Male) |
| 26:26 | Build | House |
| 26:27 | Build | House |
| 26:28 | Build | House |
| 26:28 | Build | House |
| 26:30 | Build | House |
| 26:30 | Build | House |
| 26:31 | Build | House |
| 26:31 | Build | House |
| 26:31 | Build | House |
| 26:34 | Create | Villager (Male) |
| 26:35 | Create | Villager (Male) |
| 26:38 | Create | Ratha (Ranged) ×5 |
Build order — M.Zahd
First 150 of 347 actions detected
| 0:03 | Build | House |
| 0:04 | Build | House |
| 0:08 | Create | Villager (Male) ×4 |
| 1:47 | Create | Villager (Male) |
| 2:14 | Create | Villager (Male) |
| 2:46 | Create | Villager (Male) |
| 2:50 | Create | Villager (Male) |
| 3:31 | Create | Villager (Male) |
| 3:43 | Create | Villager (Male) |
| 3:56 | Build | House |
| 3:57 | Build | House |
| 4:18 | Create | Villager (Male) |
| 4:58 | Create | Villager (Male) |
| 5:13 | Create | Villager (Male) |
| 5:54 | Create | Villager (Male) ×5 |
| 6:16 | Build | Lumber Camp |
| 6:26 | Build | Mill |
| 7:18 | Create | Villager (Male) |
| 7:37 | Create | Villager (Male) |
| 7:49 | Build | House |
| 7:50 | Build | House |
| 8:14 | Create | Villager (Male) |
| 8:15 | Create | Villager (Male) |
| 8:58 | Build | Lumber Camp |
| 9:38 | Create | Villager (Male) |
| 9:43 | Create | Villager (Male) |
| 9:44 | Create | Villager (Male) |
| 9:44 | Create | Villager (Male) |
| 9:49 | Research | Feudal Age |
| 9:50 | Research | Loom |
| 10:44 | Build | Mining Camp |
| 11:36 | Create | Villager (Male) |
| 11:37 | Create | Villager (Male) |
| 12:29 | Build | Farm |
| 12:30 | Build | Farm |
| 12:30 | Build | Farm |
| 12:30 | Build | Farm |
| 12:32 | Build | Farm |
| 12:33 | Build | Farm |
| 12:39 | Build | Farm |
| 12:39 | Build | Farm |
| 13:29 | Age | Feudal Age |
| 13:33 | Build | Farm |
| 13:33 | Build | Farm |
| 13:34 | Build | Farm |
| 13:34 | Build | Farm |
| 13:36 | Build | Farm |
| 13:37 | Build | Farm |
| 14:09 | Build | Market |
| 14:16 | Create | Villager (Male) |
| 15:06 | Create | Villager (Male) |
| 15:21 | Build | Blacksmith |
| 15:23 | Build | House |
| 15:25 | Build | House |
| 15:30 | Research | Double-Bit Axe |
| 15:39 | Build | Farm |
| 15:42 | Create | Villager (Male) |
| 15:55 | Build | Market |
| 16:04 | Create | Villager (Male) |
| 16:08 | Build | Farm |
| 16:16 | Build | House |
| 16:17 | Build | House |
| 16:18 | Build | House |
| 16:20 | Build | House |
| 16:22 | Build | House |
| 16:36 | Create | Villager (Male) |
| 16:38 | Create | Villager (Male) |
| 16:56 | Research | Castle Age |
| 17:26 | Research | Wheelbarrow |
| 17:50 | Research | Horse Collar |
| 17:56 | Research | Gold Mining |
| 18:21 | Build | Lumber Camp |
| 19:41 | Age | Castle Age |
| 19:53 | Build | Town Center |
| 20:05 | Build | Town Center |
| 20:12 | Create | Villager (Male) |
| 20:13 | Create | Villager (Male) |
| 20:20 | Research | Bow Saw |
| 20:24 | Research | Heavy Plow |
| 21:12 | Create | Villager (Male) |
| 21:12 | Create | Villager (Male) |
| 21:26 | Create | Villager (Male) |
| 21:40 | Create | Villager (Male) |
| 21:42 | Build | Farm |
| 21:58 | Create | Villager (Male) |
| 22:00 | Create | Villager (Male) |
| 22:00 | Create | Villager (Male) |
| 22:01 | Create | Villager (Male) |
| 22:07 | Create | Villager (Male) |
| 22:22 | Build | Mining Camp |
| 22:29 | Create | Villager (Male) |
| 22:30 | Create | Villager (Male) |
| 22:30 | Create | Villager (Male) |
| 22:41 | Build | Market |
| 23:12 | Build | Market |
| 23:20 | Research | Caravan |
| 23:22 | Create | Villager (Male) ×5 |
| 23:24 | Create | Villager (Male) |
| 23:44 | Build | Siege Workshop |
| 23:49 | Create | Villager (Male) |
| 23:57 | Build | Farm |
| 23:58 | Create | Villager (Male) |
| 23:59 | Create | Villager (Male) |
| 24:00 | Create | Villager (Male) |
| 24:08 | Research | Gold Shaft Mining |
| 24:16 | Create | Mangonel |
| 24:24 | Create | Villager (Male) |
| 24:24 | Create | Villager (Male) |
| 24:25 | Create | Villager (Male) |
| 24:33 | Create | Villager (Male) |
| 25:00 | Create | Villager (Male) ×5 |
| 25:04 | Research | Hand Cart |
| 25:11 | Create | Trade Cart ×4 |
| 25:13 | Create | Villager (Male) |
| 25:14 | Create | Villager (Male) |
| 25:22 | Build | Mining Camp |
| 25:23 | Create | Villager (Male) |
| 25:28 | Research | Stone Mining |
| 25:43 | Build | University |
| 25:51 | Build | House |
| 25:53 | Build | House |
| 25:54 | Build | House |
| 25:55 | Build | House |
| 25:56 | Build | House |
| 25:57 | Build | House |
| 26:02 | Create | Villager (Male) |
| 26:02 | Create | Villager (Male) |
| 26:08 | Build | Siege Workshop |
| 26:22 | Create | Villager (Male) |
| 26:22 | Create | Villager (Male) |
| 26:36 | Create | Scorpion |
| 26:37 | Create | Scorpion |
| 26:43 | Build | Siege Workshop |
| 26:49 | Create | Scorpion |
| 26:59 | Create | Villager (Male) |
| 27:00 | Create | Villager (Male) |
| 27:00 | Create | Villager (Male) |
| 27:01 | Create | Trade Cart ×2 |
| 27:03 | Create | Trade Cart |
| 27:07 | Create | Villager (Male) |
| 27:08 | Create | Villager (Male) |
| 27:22 | Build | House |
| 27:23 | Build | House |
| 27:25 | Build | House |
| 27:26 | Build | House |
| 27:27 | Build | House |
| 27:29 | Build | House |
| 27:33 | Research | Ballistics |
| 27:48 | Build | Siege Workshop |
| 28:03 | Create | Scorpion |
Build order — Adrizona
First 150 of 627 actions detected
| 0:01 | Create | Villager (Male) |
| 0:02 | Create | Villager (Male) |
| 0:04 | Build | House |
| 0:07 | Build | House |
| 0:51 | Create | Villager (Male) |
| 0:51 | Create | Villager (Male) |
| 1:30 | Create | Villager (Male) |
| 1:30 | Create | Villager (Male) |
| 1:53 | Build | Lumber Camp |
| 2:01 | Create | Villager (Male) |
| 2:01 | Create | Villager (Male) |
| 2:23 | Create | Villager (Male) |
| 2:50 | Create | Villager (Male) |
| 3:14 | Create | Villager (Male) |
| 3:14 | Create | Villager (Male) |
| 3:37 | Create | Villager (Male) |
| 3:37 | Create | Villager (Male) |
| 4:03 | Build | House |
| 4:13 | Create | Villager (Male) |
| 4:13 | Create | Villager (Male) |
| 4:19 | Build | Mill |
| 5:05 | Create | Villager (Male) |
| 5:06 | Create | Villager (Male) |
| 5:06 | Create | Villager (Male) |
| 5:35 | Build | House |
| 5:38 | Build | House |
| 5:47 | Create | Villager (Male) |
| 5:47 | Create | Villager (Male) |
| 5:47 | Create | Villager (Male) |
| 6:02 | Build | Lumber Camp |
| 6:26 | Create | Villager (Male) |
| 6:26 | Create | Villager (Male) |
| 6:36 | Create | Villager (Male) |
| 7:13 | Create | Villager (Male) |
| 7:13 | Create | Villager (Male) |
| 7:42 | Create | Villager (Male) |
| 7:42 | Create | Villager (Male) |
| 7:48 | Build | Mining Camp |
| 8:44 | Create | Villager (Male) |
| 8:45 | Create | Villager (Male) |
| 9:04 | Build | Mining Camp |
| 9:09 | Research | Loom |
| 9:56 | Research | Feudal Age |
| 9:59 | Create | Villager (Male) |
| 9:59 | Create | Villager (Male) |
| 9:59 | Create | Villager (Male) |
| 11:35 | Build | Farm |
| 11:39 | Build | Farm |
| 11:44 | Build | Farm |
| 12:21 | Age | Feudal Age |
| 12:23 | Build | Blacksmith |
| 12:36 | Build | Market |
| 13:19 | Research | Castle Age |
| 13:19 | Research | Castle Age |
| 14:00 | Research | Horse Collar |
| 14:05 | Build | Farm |
| 14:05 | Build | Farm |
| 14:05 | Build | Farm |
| 14:06 | Build | Farm |
| 14:06 | Build | Farm |
| 14:06 | Build | Farm |
| 14:18 | Build | Farm |
| 14:22 | Build | Farm |
| 14:27 | Build | Farm |
| 14:34 | Build | House |
| 14:35 | Build | House |
| 14:37 | Build | House |
| 14:39 | Build | House |
| 14:41 | Build | House |
| 14:42 | Build | House |
| 14:43 | Build | House |
| 14:44 | Build | House |
| 14:45 | Build | House |
| 14:46 | Build | House |
| 15:59 | Age | Castle Age |
| 15:59 | Create | Villager (Male) |
| 15:59 | Create | Villager (Male) |
| 15:59 | Create | Villager (Male) |
| 16:09 | Build | Town Center |
| 16:50 | Build | Stone Wall |
| 17:18 | Create | Villager (Male) |
| 17:18 | Create | Villager (Male) |
| 17:18 | Create | Villager (Male) |
| 17:31 | Build | Town Center |
| 17:51 | Create | Villager (Male) |
| 17:52 | Create | Villager (Male) |
| 17:52 | Create | Villager (Male) |
| 17:54 | Create | Villager (Male) |
| 18:37 | Create | Villager (Male) |
| 18:37 | Create | Villager (Male) |
| 18:39 | Create | Villager (Male) |
| 18:40 | Create | Villager (Male) |
| 18:48 | Build | Farm |
| 18:53 | Build | Farm |
| 19:15 | Create | Villager (Male) |
| 19:15 | Create | Villager (Male) |
| 19:15 | Create | Villager (Male) |
| 19:35 | Build | Farm |
| 19:41 | Build | Farm |
| 19:44 | Create | Villager (Male) |
| 19:44 | Create | Villager (Male) |
| 19:46 | Create | Villager (Male) |
| 19:46 | Create | Villager (Male) |
| 19:48 | Create | Villager (Male) |
| 19:48 | Create | Villager (Male) |
| 19:59 | Build | Gate |
| 20:15 | Create | Villager (Male) |
| 20:15 | Create | Villager (Male) |
| 20:17 | Create | Villager (Male) |
| 20:17 | Create | Villager (Male) |
| 20:19 | Create | Villager (Male) |
| 20:19 | Create | Villager (Male) |
| 20:58 | Build | Castle |
| 21:04 | Build | Stable |
| 21:12 | Create | Villager (Male) |
| 21:12 | Create | Villager (Male) |
| 21:14 | Create | Villager (Male) |
| 21:14 | Create | Villager (Male) |
| 21:16 | Create | Villager (Male) |
| 21:17 | Create | Villager (Male) |
| 21:33 | Create | Villager (Male) |
| 21:35 | Create | Villager (Male) |
| 21:38 | Create | Villager (Male) |
| 22:03 | Build | Town Center |
| 22:07 | Research | Double-Bit Axe |
| 22:23 | Research | Heavy Plow |
| 22:29 | Build | Mining Camp |
| 22:44 | Create | Villager (Male) |
| 22:45 | Create | Villager (Male) |
| 22:51 | Create | Villager (Male) |
| 22:52 | Create | Villager (Male) |
| 22:52 | Create | Villager (Male) |
| 23:04 | Build | Lumber Camp |
| 23:25 | Build | Mining Camp |
| 23:30 | Create | Villager (Male) |
| 23:30 | Create | Villager (Male) |
| 23:31 | Create | Villager (Male) |
| 23:32 | Create | Villager (Male) |
| 23:37 | Create | Villager (Male) |
| 24:05 | Build | Stable |
| 24:22 | Build | Farm |
| 24:22 | Build | Farm |
| 24:22 | Build | Farm |
| 24:23 | Build | Farm |
| 24:23 | Build | Farm |
| 24:24 | Build | Farm |
| 24:24 | Build | Farm |
| 24:28 | Create | Villager (Male) |
| 24:28 | Create | Villager (Male) |
| 24:29 | Create | Villager (Male) |
Build order — laodachen
First 150 of 428 actions detected
| 0:04 | Build | House |
| 0:05 | Build | House |
| 0:07 | Build | House |
| 0:08 | Create | Villager (Male) ×4 |
| 0:08 | Create | Villager (Male) ×4 |
| 1:56 | Create | Villager (Male) |
| 1:56 | Create | Villager (Male) |
| 2:13 | Create | Villager (Male) |
| 2:13 | Create | Villager (Male) |
| 2:35 | Create | Villager (Male) |
| 2:51 | Build | Lumber Camp |
| 3:07 | Create | Villager (Male) |
| 3:27 | Create | Villager (Male) |
| 3:27 | Create | Villager (Male) |
| 4:08 | Create | Villager (Male) |
| 4:50 | Create | Villager (Male) |
| 4:50 | Create | Villager (Male) |
| 4:51 | Create | Villager (Male) |
| 5:10 | Build | Mill |
| 5:13 | Create | Villager (Male) |
| 6:11 | Build | House |
| 6:11 | Build | House |
| 6:12 | Build | House |
| 6:21 | Create | Villager (Male) |
| 6:21 | Create | Villager (Male) |
| 6:43 | Create | Villager (Male) |
| 7:36 | Create | Villager (Male) |
| 8:08 | Build | Mining Camp |
| 8:25 | Create | Villager (Male) |
| 8:26 | Create | Villager (Male) |
| 8:32 | Create | Villager (Male) |
| 8:47 | Build | Mining Camp |
| 8:52 | Build | Farm |
| 9:20 | Build | Farm |
| 9:40 | Create | Villager (Male) |
| 9:42 | Build | Farm |
| 9:56 | Research | Feudal Age |
| 12:11 | Create | Villager (Male) |
| 12:11 | Create | Villager (Male) |
| 12:11 | Create | Villager (Male) |
| 12:15 | Age | Feudal Age |
| 12:35 | Research | Double-Bit Axe |
| 12:38 | Create | Villager (Male) |
| 12:42 | Build | Farm |
| 13:19 | Build | Farm |
| 13:20 | Build | Farm |
| 13:22 | Build | Farm |
| 13:23 | Build | Farm |
| 13:27 | Build | Farm |
| 13:29 | Create | Villager (Male) |
| 13:33 | Build | Farm |
| 13:51 | Research | Stone Mining |
| 13:54 | Research | Gold Mining |
| 13:56 | Create | Villager (Male) |
| 14:00 | Build | Farm |
| 14:06 | Research | Horse Collar |
| 14:10 | Create | Villager (Male) |
| 14:28 | Build | Farm |
| 14:55 | Build | Farm |
| 15:08 | Research | Loom |
| 15:13 | Build | Farm |
| 15:39 | Create | Villager (Male) |
| 15:39 | Create | Villager (Male) |
| 16:40 | Build | Blacksmith |
| 17:09 | Create | Villager (Male) |
| 17:10 | Create | Villager (Male) |
| 17:34 | Build | Market |
| 18:01 | Create | Villager (Male) |
| 18:03 | Create | Villager (Male) |
| 18:21 | Research | Forging |
| 18:22 | Research | Scale Mail Armor |
| 18:25 | Research | Castle Age |
| 18:36 | Build | Market |
| 18:38 | Build | Market |
| 19:03 | Build | Mining Camp |
| 20:47 | Create | Villager (Male) |
| 20:48 | Create | Villager (Male) |
| 20:48 | Create | Villager (Male) |
| 21:06 | Age | Castle Age |
| 21:14 | Build | House |
| 21:14 | Build | House |
| 21:14 | Build | House |
| 21:15 | Build | House |
| 21:15 | Build | House |
| 21:15 | Build | House |
| 21:28 | Research | Bow Saw |
| 21:30 | Research | Gold Shaft Mining |
| 21:33 | Research | Heavy Plow |
| 21:46 | Create | Villager (Male) |
| 21:46 | Create | Villager (Male) |
| 21:46 | Create | Villager (Male) |
| 21:47 | Create | Villager (Male) |
| 21:53 | Build | Town Center |
| 22:37 | Build | Castle |
| 22:58 | Create | Villager (Male) |
| 23:18 | Build | Town Center |
| 23:21 | Create | Villager (Male) |
| 23:23 | Create | Villager (Male) |
| 24:30 | Build | Farm |
| 25:15 | Build | Castle |
| 25:20 | Build | Farm |
| 25:25 | Build | Mining Camp |
| 25:28 | Create | Villager (Male) |
| 25:28 | Create | Villager (Male) |
| 25:29 | Create | Villager (Male) |
| 25:35 | Create | Villager (Male) |
| 25:35 | Create | Villager (Male) |
| 25:36 | Create | Villager (Male) |
| 25:36 | Create | Villager (Male) |
| 25:36 | Create | Villager (Male) |
| 25:38 | Create | Villager (Male) |
| 25:40 | Create | Villager (Male) |
| 25:40 | Create | Villager (Male) |
| 25:41 | Create | Villager (Male) |
| 25:41 | Create | Villager (Male) |
| 25:41 | Create | Villager (Male) |
| 25:47 | Create | Villager (Male) |
| 26:03 | Build | Farm |
| 26:24 | Build | Farm |
| 26:43 | Create | Villager (Male) |
| 26:47 | Build | Farm |
| 27:02 | Build | Barracks |
| 27:14 | Build | Farm |
| 27:22 | Research | Imperial Age |
| 27:26 | Create | Villager (Male) |
| 27:26 | Create | Villager (Male) |
| 27:26 | Create | Villager (Male) |
| 27:35 | Build | Lumber Camp |
| 27:41 | Build | Farm |
| 28:00 | Build | Castle |
| 28:38 | Create | Villager (Male) |
| 28:38 | Create | Villager (Male) |
| 28:38 | Create | Villager (Male) |
| 28:39 | Create | Villager (Male) |
| 28:43 | Create | Villager (Male) |
| 28:43 | Create | Villager (Male) |
| 28:43 | Create | Villager (Male) |
| 28:58 | Build | Farm |
| 28:59 | Build | Farm |
| 29:03 | Research | Iron Casting |
| 29:04 | Research | Chain Mail Armor |
| 29:09 | Research | Gambesons |
| 29:10 | Research | Squires |
| 29:10 | Research | Arson |
| 29:15 | Research | Pikeman (upgrade) |
| 29:33 | Build | Mining Camp |
| 29:56 | Create | Villager (Male) |
| 29:56 | Create | Villager (Male) |
| 29:57 | Create | Villager (Male) |
| 29:57 | Create | Villager (Male) |
Build order — 571614803
First 150 of 316 actions detected
| 0:25 | Create | Villager (Male) |
| 0:26 | Create | Villager (Male) |
| 0:26 | Create | Villager (Male) |
| 0:26 | Create | Villager (Male) |
| 0:26 | Create | Villager (Male) |
| 0:27 | Create | Villager (Male) |
| 0:37 | Build | House |
| 0:42 | Build | House |
| 2:23 | Create | Villager (Male) |
| 2:24 | Create | Villager (Male) |
| 2:24 | Create | Villager (Male) |
| 3:21 | Create | Villager (Male) |
| 3:21 | Create | Villager (Male) |
| 3:22 | Create | Villager (Male) |
| 4:28 | Build | Mill |
| 5:13 | Create | Villager (Male) |
| 5:13 | Create | Villager (Male) |
| 5:14 | Create | Villager (Male) |
| 7:38 | Build | Mining Camp |
| 8:01 | Research | Feudal Age |
| 9:56 | Build | House |
| 9:59 | Build | House |
| 10:07 | Build | House |
| 10:11 | Age | Feudal Age |
| 10:15 | Research | Wheelbarrow |
| 10:16 | Research | Loom |
| 10:18 | Create | Villager (Male) |
| 10:18 | Create | Villager (Male) |
| 10:18 | Create | Villager (Male) |
| 10:18 | Create | Villager (Male) |
| 10:18 | Create | Villager (Male) |
| 10:19 | Create | Villager (Male) |
| 10:19 | Create | Villager (Male) |
| 11:22 | Build | Lumber Camp |
| 12:50 | Build | Blacksmith |
| 13:51 | Build | Mining Camp |
| 14:53 | Build | Market |
| 15:26 | Build | Farm |
| 15:32 | Build | Farm |
| 15:35 | Build | Farm |
| 15:45 | Build | Farm |
| 16:57 | Create | Trade Cart |
| 16:58 | Create | Trade Cart |
| 17:07 | Build | Farm |
| 17:36 | Build | Farm |
| 18:00 | Research | Castle Age |
| 18:11 | Create | Trade Cart |
| 18:12 | Create | Trade Cart |
| 18:29 | Build | Farm |
| 18:59 | Research | Double-Bit Axe |
| 19:32 | Create | Villager (Male) |
| 19:32 | Create | Villager (Male) |
| 19:32 | Create | Villager (Male) |
| 19:50 | Research | Horse Collar |
| 20:40 | Age | Castle Age |
| 20:41 | Research | Bow Saw |
| 21:18 | Create | Trade Cart |
| 21:18 | Create | Trade Cart |
| 21:53 | Research | Stone Mining |
| 22:09 | Research | Gold Mining |
| 22:53 | Build | House |
| 23:06 | Build | House |
| 23:08 | Build | House |
| 23:10 | Build | House |
| 23:11 | Build | House |
| 23:13 | Build | House |
| 23:47 | Build | Castle |
| 25:07 | Build | Farm |
| 25:21 | Create | Villager (Male) |
| 25:21 | Create | Villager (Male) |
| 25:21 | Create | Villager (Male) |
| 25:21 | Create | Villager (Male) |
| 25:22 | Create | Villager (Male) |
| 25:22 | Create | Villager (Male) |
| 25:22 | Create | Villager (Male) |
| 25:22 | Create | Villager (Male) |
| 25:22 | Create | Villager (Male) |
| 25:22 | Create | Villager (Male) |
| 26:47 | Build | Lumber Camp |
| 27:06 | Create | Villager (Male) |
| 27:06 | Create | Villager (Male) |
| 27:07 | Create | Villager (Male) |
| 27:07 | Create | Villager (Male) |
| 28:03 | Build | Town Center |
| 28:56 | Research | Hand Cart |
| 30:13 | Create | Villager (Male) |
| 30:13 | Create | Villager (Male) |
| 30:14 | Create | Villager (Male) |
| 30:28 | Build | Farm |
| 30:33 | Build | Farm |
| 30:38 | Build | Farm |
| 30:41 | Build | Farm |
| 30:45 | Build | Farm |
| 30:48 | Build | Farm |
| 30:51 | Build | Farm |
| 30:58 | Build | Farm |
| 31:03 | Create | Villager (Male) |
| 31:03 | Create | Villager (Male) |
| 31:03 | Create | Villager (Male) |
| 31:03 | Create | Villager (Male) |
| 31:25 | Create | Villager (Male) |
| 31:35 | Build | Farm |
| 31:39 | Build | Farm |
| 31:43 | Build | Farm |
| 31:52 | Build | Farm |
| 32:08 | Create | Villager (Male) |
| 32:08 | Create | Villager (Male) |
| 32:08 | Create | Villager (Male) |
| 32:35 | Research | Heavy Plow |
| 32:35 | Research | Heavy Plow |
| 33:33 | Research | Gold Shaft Mining |
| 33:33 | Research | Stone Shaft Mining |
| 33:40 | Research | Stone Shaft Mining |
| 33:48 | Research | Caravan |
| 34:33 | Research | Coinage |
| 34:35 | Create | Trade Cart |
| 34:36 | Create | Trade Cart |
| 34:36 | Create | Trade Cart |
| 34:49 | Create | Trade Cart |
| 34:49 | Create | Trade Cart |
| 34:49 | Create | Trade Cart |
| 35:07 | Research | Scale Barding Armor |
| 35:08 | Research | Forging |
| 35:21 | Build | University |
| 35:51 | Create | Ballista Elephant |
| 35:51 | Create | Ballista Elephant |
| 35:52 | Create | Ballista Elephant |
| 35:52 | Create | Ballista Elephant |
| 35:52 | Create | Ballista Elephant |
| 35:53 | Create | Ballista Elephant |
| 36:29 | Create | Villager (Male) |
| 36:30 | Create | Villager (Male) |
| 36:30 | Create | Villager (Male) |
| 36:30 | Create | Villager (Male) |
| 36:31 | Create | Villager (Male) |
| 36:31 | Create | Villager (Male) |
| 36:31 | Create | Villager (Male) |
| 36:31 | Create | Villager (Male) |
| 36:32 | Create | Villager (Male) |
| 36:32 | Create | Villager (Male) |
| 36:32 | Create | Villager (Male) |
| 36:32 | Create | Villager (Male) |
| 36:32 | Create | Villager (Male) |
| 36:38 | Create | Villager (Male) |
| 36:38 | Create | Villager (Male) |
| 36:38 | Create | Villager (Male) |
| 36:39 | Create | Villager (Male) |
| 36:39 | Create | Villager (Male) |
| 36:39 | Create | Villager (Male) |
| 36:39 | Create | Villager (Male) |
Build order — 懒回顾
First 150 of 418 actions detected
| 0:05 | Build | House |
| 0:07 | Build | House |
| 0:08 | Create | Villager (Male) |
| 0:08 | Create | Villager (Male) |
| 0:09 | Create | Villager (Male) |
| 0:09 | Create | Villager (Male) |
| 0:09 | Create | Villager (Male) |
| 1:42 | Create | Villager (Male) |
| 2:18 | Create | Villager (Male) |
| 2:18 | Create | Villager (Male) |
| 2:18 | Create | Villager (Male) |
| 3:02 | Build | Mule Cart |
| 3:13 | Create | Villager (Male) |
| 3:13 | Create | Villager (Male) |
| 3:18 | Build | House |
| 3:19 | Build | House |
| 3:57 | Create | Villager (Male) |
| 3:58 | Create | Villager (Male) |
| 4:14 | Create | Villager (Male) |
| 4:14 | Create | Villager (Male) |
| 4:46 | Create | Villager (Male) |
| 4:46 | Create | Villager (Male) |
| 4:51 | Create | Villager (Male) |
| 5:08 | Build | Mule Cart |
| 5:24 | Build | Mill |
| 6:02 | Create | Villager (Male) |
| 6:03 | Create | Villager (Male) |
| 6:03 | Create | Villager (Male) |
| 6:19 | Create | Villager (Male) |
| 6:19 | Create | Villager (Male) |
| 6:35 | Create | Villager (Male) |
| 6:36 | Create | Villager (Male) |
| 6:52 | Create | Villager (Male) |
| 6:52 | Create | Villager (Male) |
| 7:26 | Create | Villager (Male) |
| 7:26 | Create | Villager (Male) |
| 7:45 | Build | Mule Cart |
| 9:00 | Create | Villager (Male) |
| 9:00 | Create | Villager (Male) |
| 9:04 | Research | Loom |
| 10:22 | Research | Feudal Age |
| 10:37 | Create | Villager (Male) |
| 10:37 | Create | Villager (Male) |
| 12:21 | Build | Mule Cart |
| 12:32 | Age | Feudal Age |
| 12:41 | Build | Market |
| 12:46 | Build | Blacksmith |
| 13:09 | Build | House |
| 13:09 | Build | House |
| 13:10 | Build | House |
| 13:11 | Build | House |
| 13:12 | Build | House |
| 13:13 | Build | House |
| 13:55 | Research | Castle Age |
| 13:55 | Research | Castle Age |
| 14:02 | Build | Mule Cart |
| 14:05 | Research | Double-Bit Axe |
| 14:34 | Create | Villager (Male) |
| 14:34 | Create | Villager (Male) |
| 16:04 | Build | House |
| 16:05 | Build | House |
| 16:06 | Build | House |
| 16:25 | Build | Farm |
| 16:28 | Build | Farm |
| 16:30 | Build | Farm |
| 16:33 | Build | Farm |
| 16:35 | Age | Castle Age |
| 16:36 | Build | Farm |
| 16:41 | Build | Farm |
| 16:48 | Build | Mule Cart |
| 17:00 | Build | Town Center |
| 17:06 | Create | Villager (Male) ×3 |
| 17:16 | Build | Town Center |
| 17:33 | Build | House |
| 17:34 | Build | House |
| 18:16 | Build | Mill |
| 18:24 | Research | Horse Collar |
| 18:37 | Build | Farm |
| 18:37 | Build | Farm |
| 18:37 | Build | Farm |
| 18:38 | Build | Farm |
| 18:38 | Build | Farm |
| 18:38 | Build | Farm |
| 18:38 | Build | Farm |
| 18:39 | Build | Farm |
| 19:34 | Create | Villager (Male) |
| 19:34 | Create | Villager (Male) |
| 20:08 | Build | Farm |
| 20:09 | Build | Farm |
| 20:09 | Build | Farm |
| 20:09 | Build | Farm |
| 20:09 | Build | Farm |
| 20:10 | Build | Farm |
| 20:10 | Build | Farm |
| 20:10 | Build | Farm |
| 20:15 | Create | Villager (Male) |
| 20:39 | Create | Villager (Male) |
| 20:53 | Create | Villager (Male) |
| 20:54 | Create | Villager (Male) |
| 21:06 | Create | Villager (Male) |
| 21:07 | Create | Villager (Male) |
| 21:14 | Build | Farm |
| 21:15 | Build | Farm |
| 21:15 | Build | Farm |
| 21:15 | Build | Farm |
| 21:15 | Build | Farm |
| 21:16 | Build | Farm |
| 21:16 | Build | Farm |
| 21:16 | Build | Farm |
| 21:29 | Create | Villager (Male) |
| 21:30 | Create | Villager (Male) |
| 21:30 | Create | Villager (Male) |
| 22:10 | Build | Farm |
| 22:10 | Build | Farm |
| 22:10 | Build | Farm |
| 22:11 | Build | Farm |
| 22:11 | Build | Farm |
| 22:11 | Build | Farm |
| 22:12 | Build | Farm |
| 22:12 | Build | Farm |
| 22:13 | Build | Farm |
| 22:17 | Create | Villager (Male) |
| 22:17 | Create | Villager (Male) ×2 |
| 22:17 | Create | Villager (Male) ×2 |
| 22:37 | Create | Villager (Male) ×2 |
| 22:46 | Build | Farm |
| 22:53 | Create | Villager (Male) |
| 22:54 | Create | Villager (Male) |
| 22:56 | Create | Villager (Male) |
| 22:56 | Create | Villager (Male) |
| 23:13 | Create | Villager (Male) ×2 |
| 23:34 | Create | Villager (Male) ×4 |
| 23:46 | Build | Monastery |
| 23:51 | Create | Villager (Male) ×2 |
| 24:20 | Research | Wheelbarrow |
| 24:27 | Research | Bow Saw |
| 24:38 | Research | Heavy Plow |
| 24:43 | Create | Monk |
| 25:05 | Create | Villager (Male) ×5 |
| 25:06 | Create | Villager (Male) |
| 25:20 | Research | Gold Mining |
| 25:28 | Create | Villager (Male) |
| 25:29 | Create | Villager (Male) |
| 25:30 | Create | Villager (Male) |
| 25:49 | Create | Villager (Male) ×3 |
| 25:49 | Create | Villager (Male) ×3 |
| 26:03 | Research | Stone Mining |
| 26:12 | Create | Villager (Male) ×4 |
| 26:12 | Create | Villager (Male) ×4 |
| 26:20 | Build | University |
Match timeline
| 6:28 | 773251600 · wall_segment Palisade Wall x19 |
| 7:41 | 773251600 · wall_segment Palisade Wall x3 |
| 9:43 | 773251600 · wall_segment Palisade Wall x19 |
| 10:11 | 571614803 · age_up feudal |
| 11:02 | zy · age_up feudal |
| 11:22 | McQuin007 · age_up feudal |
| 12:05 | McQuin007 · first_building Barracks |
| 12:15 | laodachen · age_up feudal |
| 12:21 | Adrizona · age_up feudal |
| 12:23 | 773251600 · first_building Barracks |
| 12:26 | 773251600 · age_up feudal |
| 12:32 | 懒回顾 · age_up feudal |
| 13:00 | 773251600 · wall_segment Stone Wall x20 |
| 13:00 | McQuin007 · first_building Archery Range |
| 13:29 | M.Zahd · age_up feudal |
| 13:30 | 773251600 · first_building Stable |
| 15:47 | zy · age_up castle |
| 15:59 | Adrizona · age_up castle |
| 16:35 | 懒回顾 · age_up castle |
| 16:50 | Adrizona · wall_segment Stone Wall x21 |
| 16:52 | McQuin007 · age_up castle |
| 19:01 | McQuin007 · first_building Castle |
| 19:41 | M.Zahd · age_up castle |
| 19:44 | McQuin007 · first_building Siege Workshop |
| 20:40 | 571614803 · age_up castle |
| 20:58 | Adrizona · first_building Castle |
| 21:04 | Adrizona · first_building Stable |
| 21:06 | laodachen · age_up castle |
| 22:37 | laodachen · first_building Castle |
| 23:44 | M.Zahd · first_building Siege Workshop |
| 23:44 | 773251600 · age_up castle |
| 23:46 | 懒回顾 · first_building Monastery |
| 23:47 | 571614803 · first_building Castle |
| 25:11 | 773251600 · first_building Castle |
| 25:15 | zy · first_building Monastery |
| 25:31 | Adrizona · first_building Siege Workshop |
| 27:02 | laodachen · first_building Barracks |
| 27:12 | Adrizona · first_market_buy 100 wood |
| 29:34 | 懒回顾 · first_building Castle |
| 29:54 | zy · age_up imperial |
| 30:19 | M.Zahd · first_market_buy 100 stone |
| 30:26 | M.Zahd · first_building Castle |
| 30:31 | zy · first_building Barracks |
| 30:43 | laodachen · age_up imperial |
| 30:58 | McQuin007 · first_market_buy 100 stone |
| 31:34 | zy · first_building Stable |
| 31:55 | 773251600 · age_up imperial |
| 33:01 | Adrizona · age_up imperial |
| 33:10 | McQuin007 · age_up imperial |
| 33:11 | 571614803 · first_market_sell 100 stone |
| 33:25 | 571614803 · first_market_buy 100 food |
| 33:37 | 773251600 · first_building Siege Workshop |
| 33:38 | M.Zahd · age_up imperial |
| 33:54 | 懒回顾 · age_up imperial |
| 34:18 | 773251600 · wall_segment Stone Wall x3 |
| 35:10 | zy · first_building Castle |
| 36:51 | 懒回顾 · first_market_buy 100 wood |
| 40:02 | 773251600 · first_building Archery Range |
| 42:18 | 571614803 · age_up imperial |
| 43:34 | 懒回顾 · first_building Siege Workshop |
| 43:38 | 773251600 · first_market_sell 500 food |
| 46:47 | 571614803 · tribute_sent a jugador 1 |
| 46:47 | 571614803 · tribute_sent a jugador 2 |
| 46:47 | 571614803 · tribute_sent a jugador 3 |
| 46:47 | 571614803 · tribute_sent a jugador 4 |
| 46:47 | 571614803 · tribute_sent a jugador 5 |
| 46:47 | 571614803 · tribute_sent a jugador 6 |
| 46:47 | 571614803 · tribute_sent a jugador 8 |
| 51:04 | McQuin007 · first_building Stable |
| 56:49 | 懒回顾 · first_building Barracks |
| 60:30 | Adrizona · resign |
[ AI ANALYSIS · 1 CREDIT ]
What really happened in this match?
Wolo.gg analyzes every decision: build order, eco, micro, common mistakes by bracket. Personalized analysis on WhatsApp or Discord in 30 seconds.
Civ guide
Poles
Perfil
Jugador #23149079